 Dungeon Crawl Stone Soup version 0.25.1-2-g60ff931df9 (webtiles) character file.

Game seed: 14044714584458695424

345 Froggeryz the Firebug (level 6, -1/36 HPs)
             Began as an Octopode Fire Elementalist on Aug 3, 2020.
             Was a Follower of Vehumet.
             Slain by an orc wizard
             ... wielding a +0 dagger
              (4 damage)
             ... on level 4 of the Dungeon.
             The game lasted 00:08:05 (4491 turns).

Froggeryz the Firebug (Octopode Fire Elementalist)  Turns: 4491, Time: 00:08:06

Health: -1/36      AC:  1    Str:  8    XL:     6   Next: 58%
Magic:  1/9        EV: 13    Int: 19    God:    Vehumet [*.....]
Gold:   137        SH:  0    Dex: 12    Spells: 8/9 levels left

rFire    . . .     SeeInvis .   (no weapon)
rCold    . . .     Gourm    .   (no shield)
rNeg     + . .     Faith    .   (helmet restricted)
rPois    .         Spirit   .   (no amulet)
rElec    .         Reflect  .   q - ring of positive energy
rCorr    .         Harm     .   (no ring)
MR       .....                  (no ring)
Stlth    +++.......             (no ring)
HPRegen  0.12/turn              (no ring)
MPRegen  0.11/turn              (no ring)
                                (no ring)
                                (no ring)

@: flying
A: almost no armour, stealthy swim, amphibious, 8 rings, constrict 8, camouflage
1, gelatinous body 1
a: Renounce Religion


You were on level 4 of the Dungeon.
You worshipped Vehumet.
Vehumet was aware of your devotion.
You were hungry.

You visited 1 branch of the dungeon, and saw 4 of its levels.

You collected 137 gold pieces.

Inventory:

Hand Weapons
 t - the +5 hand axe "Newt's Funeral" {vorpal, rElec, unknown}
   (You found it on level 4 of the Dungeon)

   It inflicts extra damage upon your enemies.
   It insulates you from electricity.
Armour
 g - a +2 buckler
Jewellery
 q - a ring of positive energy (left tentacle)
Wands
 h - a wand of flame (10)
Scrolls
 a - 3 scrolls of blinking
 c - a scroll of remove curse
 d - a scroll of magic mapping
 e - a scroll of teleportation
 j - a scroll of noise {unknown}
 l - a scroll of immolation {unknown}
 n - a scroll of enchant armour {unknown}
Potions
 f - a potion of flight
 i - a potion of might {unknown}
 m - a potion of curing
 r - a potion of heal wounds {unknown}
 s - a potion of lignification {unknown}
Comestibles
 b - 5 rations


   Skills:
 - Level 2.0 Dodging
 - Level 2.6 Stealth
 + Level 0.7 Shields
 - Level 2.0 Spellcasting
 + Level 3.7 Conjurations
 - Level 6.0 Fire Magic


You had 8 spell levels left.
You knew the following spells:

 Your Spells              Type           Power        Failure   Level  Hunger
a - Foxfire               Conj/Fire      ###.         2%          1    #......

Your spell library contained the following spells:

 Spells                   Type           Power        Failure   Level  Hunger
 Shock                    Conj/Air       #...         8%          1    #......
 Conjure Flame            Conj/Fire      ###.....     7%          3    ###....
 Inner Flame              Hex/Fire       ##......     14%         3    ###....
 Sticky Flame             Conj/Fire      ###.....     22%         4    #####..
 Fireball                 Conj/Fire      ###.......   54%         5    ######.


Dungeon Overview and Level Annotations

Branches:
Dungeon (4/15)
 Temple: D:4-7

Altars:
Vehumet


Innate Abilities, Weirdness & Mutations

You cannot wear most types of armour.
You are very stealthy in the water. (Stealth+)
You are amphibious.
You can wear up to eight rings at the same time.
You can use your tentacles to constrict eight enemies at once.
Your skin changes colour to match your surroundings (Stealth+).
Your rubbery body absorbs attacks. (AC +1, EV +1)


Message History

* * * LOW HITPOINT WARNING * * *
You tentacle-slap the orc wizard but do no damage.
Your grab misses the orc wizard.
The orc wizard is heavily wounded.
The foxfire hits the orc wizard.
The orc wizard is severely wounded.
The orc wizard hits you with a +0 dagger.
* * * LOW HITPOINT WARNING * * *
Unknown command.
Casting: Foxfire (safe; 2% risk of failure)
Confirm with . or Enter, or press ? or * to list all spells.
You conjure some foxfire!
The orc wizard closely misses you.
Your foxfire dissipates!
The foxfire hits the orc wizard.
The orc wizard is severely wounded.
Casting: Foxfire (safe; 2% risk of failure)
Confirm with . or Enter, or press ? or * to list all spells.
You conjure some foxfire!
The orc wizard hits you with a +0 dagger.
You die...

#.........# #.# #.........# *,*
######## ..........# *,* #.......
#.........# *,* #.......
#####...### *,*### #.......
....##..#####.##.#########......ยง
....##..#...#.##)[......)........
....###.#...#.##o###########.####
....# #.#...#.##@# *,,,,,...,,
....# #.....#.##v# *,*,,,....,
....###.....#.##.# *,*,,,.....
............#?...#*****,*,,,,....
....####....#.###.,,,,,,*,,,,,...
....#.......#.#**.*******,,,,,,,,
....#.......(.#,,.* *****,,,,,,,,
###.#.......#.#,*## *,,,,,,,,,,,,
#......#..#.#,* **,,,,,,,,****


You could see an orc wizard.

Vanquished Creatures
  2 orc wizards
  Jessica (D:3)
  An iguana (D:4)
  Ijyb (D:2)
  A worker ant (D:4)
  3 gnolls (D:3)
  6 adders
  3 worms
  3 dart slugs
  2 leopard geckos
  14 orcs
  A ball python (D:1)
  2 giant cockroaches
  9 goblins
  8 hobgoblins
  2 quokkas
  7 bats
  8 frilled lizards
  3 kobolds
  4 rats
81 creatures vanquished.

Vanquished Creatures (others)
  149 foxfires
149 creatures vanquished.

Grand Total: 230 creatures vanquished

Notes
Turn   | Place    | Note
-------+----------+-------------------------------------------
     0 | D:1      | Froggeryz the Octopode Fire Elementalist began the quest
                  | for the Orb.
     0 | D:1      | Reached XP level 1. HP: 11/11 MP: 3/3
   490 | D:1      | Reached XP level 2. HP: 15/17 MP: 1/5
  1527 | D:2      | Reached XP level 3. HP: 21/21 MP: 2/6
  1676 | D:2      | Reached skill level 4 in Fire Magic
  1684 | D:2      | Found a radiant altar of Vehumet.
  1827 | D:2      | Became a worshipper of Vehumet
  2043 | D:2      | Reached XP level 4. HP: 23/27 MP: 7/7
  2796 | D:3      | Noticed Jessica
  2800 | D:3      | Killed Jessica
  2800 | D:3      | Reached XP level 5. HP: 31/31 MP: 4/8
  2826 | D:3      | Noticed Ijyb
  2837 | D:3      | Paralysed by Ijyb for 7 turns
  2856 | D:2      | Paralysed by Ijyb for 7 turns
  2866 | D:2      | Killed Ijyb
  2866 | D:2      | Reached skill level 5 in Fire Magic
  3173 | D:3      | Reached * piety under Vehumet
  3173 | D:3      | Offered knowledge of Shock by Vehumet.
  3386 | D:3      | Reached XP level 6. HP: 32/36 MP: 2/9
  4258 | D:4      | Reached skill level 6 in Fire Magic
  4447 | D:4      | Got a steaming hand axe
  4491 | D:4      | Slain by an orc wizard

Illustrated notes

Levels and vault maps discovered:
D:1:      lightli_arrival_lavapool, layout_loops_corners
D:2:      layout_basic, marbit_many_paths
D:3:      layout_loops_ring, nicolae_overflow_hidden_temple, first_ration,
          uniq_ijyb, uniq_jessica
D:4:      layout_basic

Skill      XL: |  1  2  3  4  5  6 |
---------------+-------------------+-----
Fire Magic     | 4 5 6 |  6.0
Conjurations   | 2 3 |  3.7
Dodging        | |  2.0
Stealth        | |  2.6
Shields        | |  0.7
Spellcasting   | |  2.0

Action                   |  1- 3 |  4- 6 || total
-------------------------+-------+-------++-------
Melee: Unarmed           |    63 |    97 ||   160
       Constrict         |    12 |    26 ||    38
       Tentacles         |     9 |    14 ||    23
 Cast: Foxfire           |    27 |    85 ||   112
  Use: Scroll            |       |     6 ||     6
       Potion            |       |     3 ||     3
 Stab: Sleeping          |     6 |     7 ||    13
  Eat: Chunk             |     4 |     8 ||    12
Armor: Skin              |     2 |     3 ||     5
Dodge: Dodged            |    42 |    71 ||   113
Block: Buckler           |     2 |       ||     2
